 Dungeon Crawl Stone Soup version 0.32-a0-120-gfac0567ad4 (webtiles) character file.

Game seed: 13614783957689711844

2 zenocrate the Sneak (level 1, 0/18 HPs)
             Began as a Demonspawn Delver on Feb 6, 2024.
             Succumbed to a scorpion's poison
             ... on level 5 of the Dungeon.
             The game lasted 00:00:20 (77 turns).

zenocrate the Sneak (Demonspawn Delver)               Turns: 77, Time: 00:00:20

Health: 0/18       AC:  3    Str: 12    XL:     1   Next: 33%
Magic:  1/1        EV: 11    Int: 10    God:
Gold:   2          SH:  0    Dex: 14    Spells: 0/0 levels left

rFire   . .          .
                       - Unarmed
rCold   . . .        (no shield)
rNeg    . . .        a - +0 leather armour
rPois   .            (no helmet)
rElec   .            (no cloak)
rCorr   .            (no gloves)
SInv    .            (no boots)
Will    .....        (no amulet)
Stlth   ++           (no ring)
HPRegen 0.23/turn    (no ring)
MPRegen 0.07/turn

%: no passive effects
@: lethally poisoned (0 -> -9), hasted, very quick
A: no striking features
a: no special abilities


You were on level 5 of the Dungeon.
You visited 1 branch of the dungeon, and saw 1 of its levels.

You collected 2 gold pieces.

Inventory:

Armour
 a - a +0 leather armour (worn)
Wands
 f - a wand of digging (3)
Scrolls
 b - a scroll of fog
 c - a scroll of revelation
 d - a scroll of fear


   Skills:
 - Level 3.0 Fighting
 - Level 1.7 Dodging
 - Level 4.5 Stealth
 + Level 2.0 Unarmed Combat


You couldn't memorise any spells.
You didn't know any spells.
Your spell library was empty.

Dungeon Overview and Level Annotations

Branches:
Dungeon (5/15)
 Temple: D:4-7

Altars:


Message History

HP restored.
You see here a jackal corpse.
You now have 2 gold pieces.
An orc comes into view. It is wielding a +0 mace.
An orc is nearby!
An orc comes into view. It is wielding a +0 dagger.
An adder comes into view.
You see here a jackal corpse.
An adder is nearby!
An adder is nearby!
An orc comes into view. It is wielding a +0 trident.
An orc priest comes into view. It is wielding a +0 club.
A scorpion comes into view.
The scorpion closely misses you.
You hit the scorpion but do no damage. The scorpion stings you.
You hit the scorpion.
The scorpion is lightly wounded.
The scorpion barely misses you.
An orc comes into view. It is wielding a +0 club.
You feel yourself speed up. The scorpion stings you.
You hit the scorpion but do no damage.
The scorpion is lightly wounded.
The scorpion closely misses you.
You are too injured to fight recklessly!
You hit the scorpion but do no damage.
The scorpion is lightly wounded.
The orc closely misses you. The scorpion stings you.
* * * LOW HITPOINT WARNING * * *
You are lethally poisoned!
The scorpion poisons you!
Unknown command.
You closely miss the scorpion.
The scorpion is lightly wounded.
* * * LOW HITPOINT WARNING * * *
You feel sick. The orc closely misses you.
The scorpion stings you but does no damage.
Unknown command.
You hit the scorpion.
The scorpion is moderately wounded.
You die...

.#..#...####†#.#####
#.#..#...####.#.#
................#####
.#....>.####o.......
.........# #....#####
.....#...# #..#.#
.........# #..#.#
..#......###..#.### .
.......@.o........
#.......s#.#.#####
#..............
#........#.#....
#........#........
#........#.#.#####
.........#.#.#
#.##........ .


You could see a scorpion and an orc.

Vanquished Creatures
  2 jackals (D:5)
2 creatures vanquished.

Notes
Turn   | Place    | Note
-------+----------+-------------------------------------------
     0 | D:5      | zenocrate the Demonspawn Delver began the quest for the
                  | Orb.
     0 | D:5      | Reached XP level 1. HP: 18/18 MP: 1/1
    60 | D:5      | Noticed an orc priest
    66 | D:5      | Noticed a scorpion
    77 | D:5      | Succumbed to a scorpion's poison

Illustrated notes

Levels and vault maps discovered:
D:5:      layout_basic, gammafunk_ghost_nasty_kobolds, uniq_crazy_yiuf_cottage,
          uniq_grinder, uniq_edmund

Skill      XL: |  1 |
---------------+----+-----
Unarmed Combat | 2 |  2.0
Fighting       | |  3.0
Dodging        | |  1.7
Stealth        | |  4.5

Action                     || total
---------------------------++-------
  Melee: Unarmed           ||    16
    Use: Potion            ||     1
 Armour: Leather armour    ||     9
  Dodge: Dodged            ||    12

Table legend: (Time is in decaauts)
 A = Elapsed time spent in this place.
 B = Non-inter-level travel time spent in this place.
 C = Inter-level travel time spent in this place.
 D = Time resting spent in this place.
 E = Time spent auto-exploring this place.
 F = Levels seen in this place.
 G = Mean time per level.
                   A        B        C        D        E       F      G
               +--------+--------+--------+--------+--------+-----+--------+
         Total |     75 |     75 |      0 |      0 |     20 |   1 |   75.0 |
       Dungeon |     75 |     75 |      0 |      0 |     20 |   1 |   75.0 |
               +--------+--------+--------+--------+--------+-----+--------+

Top non-repeatable levels by time:
     D:5: 75 daAuts
